 Dungeon Sprint DCSS version 0.19-a0-1670-gc28a5d9 (webtiles) character file.

12268 George the Champion of Chaos (level 11, -6/98 HPs)
             Began as a Demonspawn Fighter on Sept 21, 2016.
             Was the Champion of Makhleb.
             Mangled by a tengu reaver
             ... wielding a +2 long sword
              (24 damage)
             ... in the Dungeon (Sprint IX: "|||||||||||||||||||||||||||||").
             The game lasted 00:17:28 (2336 turns).

George the Champion of Chaos (Demonspawn Fighter)   Turns: 2336, Time: 00:17:29

Health: -6/98      AC: 19    Str: 20    XL:     11   Next: 60%
Magic:  16/22      EV:  9    Int: 12    God:    Makhleb [******]
Gold:   1588       SH: 13    Dex: 13    Spells: 0 memorised, 10 levels left

rFire  + . .     SeeInvis .     p - +2 scimitar (flame)
rCold  + . .     Gourm    .     s - +1 chain mail {rC+}
rNeg   . . .     Faith    .     c - +0 shield
rPois  .         Spirit   .     j - +1 helmet {Int+3}
rElec  .         Dismiss  .     a - +0 cloak
rCorr  .         Reflect  .     y - +0 pair of gloves
MR     +....     Harm     .     (boots unavailable)
Stlth  .......... NoTele   +    (no amulet)
                                E - ring of protection from fire
                                F - ring of protection from magic

@: no status effects
A: hooves 3, demonic guardian 2, spiny 1, sturdy frame 3
a: Minor Destruction, Lesser Servant of Makhleb, Major Destruction, Greater
Servant of Makhleb, Renounce Religion


You were in the Dungeon.
You worshipped Makhleb.
Makhleb was exalted by your worship.
You were hungry.

You visited 1 branch You collected 1917 gold pieces.
You spent 329 gold pieces at shops.

Inventory:

Hand Weapons
 p - a +2 scimitar of flaming (weapon)
Armour
 a - a +0 cloak (worn)
 c - a +0 shield (worn)
 j - a +1 helmet of intelligence (worn)
 s - a +1 chain mail of cold resistance (worn)
 y - a +0 pair of gloves (worn)
Jewellery
 E - a ring of protection from fire (right hand)
 F - a ring of protection from magic (left hand)
Wands
 o - a wand of lightning (7/15)
 x - a wand of lightning (3/15)
 C - a wand of disintegration (8/24)
Scrolls
 k - 3 scrolls of blinking
 m - 4 scrolls of remove curse
 n - 2 scrolls of amnesia
 u - 4 scrolls of enchant weapon
 v - a scroll of fog
 w - 2 scrolls of recharging
Potions
 b - 2 potions of brilliance
 d - 2 potions of might
 e - 7 potions of curing
 g - 6 potions of heal wounds
 h - 2 potions of haste
 i - 4 potions of magic
 l - a potion of invisibility
 t - a potion of berserk rage
 D - 2 potions of agility
Comestibles
 f - 14 bread rations
 z - 40 fruits
 A - 12 meat rations


   Skills:
 + Level 13.3 Fighting
 + Level 13.0 Long Blades
 + Level 12.3 Armour
 + Level 12.3 Shields
 + Level 15.2 Invocations


You had 10 spell levels left.
You didn't know any spells.

Dungeon Overview and Level Annotations

Branches:
Dungeon (1/1)

Altars:
Cheibriados
Dithmenos
Elyvilon
Fedhas
Gozag
Hepliaklqana
Kikubaaqudgha
Makhleb
Nemelex Xobeh
Okawaru
Qazlal
Ru
Sif Muna
Trog
Uskayaw
Vehumet
Xom
Yredelemnul
Zin
The Shining One
Beogh
Jiyva
Lugonu

Shops:
D [*(*


Innate Abilities, Weirdness & Mutations

You have hooves in place of feet.
A demonic guardian rushes to your aid.
You are partially covered in sharp spines.
Your movements are significantly less encumbered by armour. (ER -6)


Message History

The cyan very ugly thing burns!
The tengu reaver hits your smoke demon with an enchanted long sword!!
Your smoke demon dies!
The cyan very ugly thing burns!
The tengu reaver gestures at you while chanting.
The bolt of magma hits you! You partially resist.
* * * LOW HITPOINT WARNING * * *
You feel much better.
The cyan very ugly thing burns!
You miss the tengu reaver. Your kick misses the tengu reaver.
The tengu reaver is severely wounded.
The cyan very ugly thing burns!
The tengu reaver hits you with an enchanted long sword!
* * * LOW HITPOINT WARNING * * *
The tengu reaver pecks you but does no damage.
The tengu reaver claws you but does no damage.
The tengu reaver blocks your attack.
Your kick misses the tengu reaver.
The tengu reaver is severely wounded.
The cyan very ugly thing burns!
The tengu reaver hits you with an enchanted long sword!!
You die...

▓▓▓▓▓▓▓▓▓▓▓▓▓▓▓▓▓▓▓▓▓▓▓▓▓▓▓▓▓▓▓▓▓
))).[[[[[[[[....@QucCQ))....†Q...
▓▓▓▓▓▓▓▓▓▓▓▓▓▓▓▓▓▓▓▓▓▓▓▓▓▓▓▓▓▓▓▓▓
..............................)..
▓▓▓▓▓▓▓▓▓▓▓▓▓▓▓▓▓▓▓▓▓▓▓▓▓▓▓▓▓▓▓▓▓
.([)))))....)).....))).()[∩.∩.∩)∩
▓▓▓▓▓▓▓▓▓▓▓▓▓▓▓▓▓▓▓▓▓▓▓▓▓▓▓▓▓▓▓▓▓
................................)
▓▓▓▓▓▓▓▓▓▓▓▓▓▓▓▓▓▓▓▓▓▓▓▓▓▓▓▓▓▓▓▓▓
.÷.........†.........'†.†........


You could see a cyan very ugly thing (burning), a tengu reaver, an ettin, a
tengu warrior and a centaur warrior.

Vanquished Creatures
  A great orb of eyes (D)
  A hydra (D)
  A centaur warrior (D)
  Erica (D)
  2 orc high priests (D)
  Sonja (D)
  2 orc knights (D)
  2 orc sorcerers (D)
  A spiny frog (D)
  2 hippogriffs (D)
  A yak (D)
  A wraith (D)
  A hungry ghost (D)
  A water moccasin (D)
  3 orc warriors (D)
  2 porcupines (D)
  2 ogres (D)
  2 crocodiles (D)
  A wolf (D)
  A bullfrog (D)
  3 orc wizards (D)
  2 iguanas (D)
  A worker ant (D)
  An adder (D)
  An adder skeleton (D)
  6 orcs (D)
  A ball python (D)
  2 goblins (D)
  A bat (D)
  A kobold (D)
48 creatures vanquished.

Vanquished Creatures (collateral kills)
  Josephine (D)
  A tengu warrior (D)
  2 orc high priests (D)
  A hill giant (D)
  3 orc knights (D)
  A deep elf mage (D)
  An ugly thing (D)
  A manticore (D)
  2 spiny frogs (D)
  2 trolls (D)
  4 wraiths (D)
  A basilisk (D)
  A hungry ghost (D)
  4 wargs (D)
  A hell hound (D)
  3 porcupines (D)
  A sky beast (D)
  An eye of draining (D)
  5 orc warriors (D)
  3 wolves (D)
  A centaur (D)
  A wight (D)
  4 orc priests (D)
  2 orc wizards (D)
  An iguana (D)
  A worker ant (D)
  An adder (D)
  5 orcs (D)
55 creatures vanquished.

Grand Total: 103 creatures vanquished

Notes
Turn   | Place    | Note
-------+----------+-------------------------------------------
     0 | D        | George the Demonspawn Fighter began the quest for the Orb.
     0 | D        | Reached XP level 1. HP: 18/18 MP: 1/1
    18 | D        | Noticed an ogre
    18 | D        | Noticed an ogre
    18 | D        | Noticed an iguana
    20 | D        | Gained mutation: You have large cloven feet. [demonic ancestry]
    20 | D        | Reached XP level 2. HP: 25/25 MP: 2/2
    24 | D        | Killed an ogre
    24 | D        | Reached skill level 5 in Long Blades
    24 | D        | Gained mutation: You are partially covered in sharp spines. [demonic ancestry]
    24 | D        | Reached XP level 3. HP: 32/32 MP: 3/3
    24 | D        | Reached XP level 4. HP: 38/38 MP: 4/4
    27 | D        | Killed an ogre
    27 | D        | Reached skill level 5 in Fighting
    27 | D        | Reached skill level 5 in Armour
    27 | D        | Reached skill level 5 in Shields
    27 | D        | Gained mutation: You have hoof-like feet. [demonic ancestry]
    27 | D        | Reached XP level 5. HP: 46/46 MP: 5/5
    83 | D        | Found a roughly hewn altar of Beogh.
    83 | D        | Found a snail-covered altar of Cheibriados.
    83 | D        | Found a shadowy altar of Dithmenos.
    83 | D        | Found a white marble altar of Elyvilon.
    83 | D        | Found a blossoming altar of Fedhas.
    83 | D        | Found an opulent altar of Gozag.
    84 | D        | Found a hazy altar of Hepliaklqana.
    85 | D        | Found a viscous altar of Jiyva.
    86 | D        | Found an ancient bone altar of Kikubaaqudgha.
    87 | D        | Found a corrupted altar of Lugonu.
    88 | D        | Found a burning altar of Makhleb.
    89 | D        | Found a sparkling altar of Nemelex Xobeh.
    90 | D        | Found an iron altar of Okawaru.
    91 | D        | Found a stormy altar of Qazlal.
    92 | D        | Found a sacrificial altar of Ru.
    93 | D        | Found a deep blue altar of Sif Muna.
    94 | D        | Found a bloodstained altar of Trog.
    95 | D        | Found a hide-covered altar of Uskayaw.
    96 | D        | Became a worshipper of Makhleb the Destroyer
    97 | D        | Found a radiant altar of Vehumet.
    98 | D        | Found a shimmering altar of Xom.
    99 | D        | Found a basalt altar of Yredelemnul.
   100 | D        | Found a glowing silver altar of Zin.
   101 | D        | Found a glowing golden altar of the Shining One.
   153 | D        | Noticed a hungry ghost
   153 | D        | Noticed a hippogriff
   153 | D        | Noticed a troll
   154 | D        | Reached skill level 1 in Invocations
   159 | D        | Killed a hungry ghost
   159 | D        | Reached skill level 3 in Invocations
   159 | D        | Gained mutation: A weak demonic guardian rushes to your aid. [demonic ancestry]
   159 | D        | Reached XP level 6. HP: 53/53 MP: 5/8
   164 | D        | Killed a hippogriff
   164 | D        | Reached * piety under Makhleb
   164 | D        | Reached skill level 5 in Invocations
   164 | D        | Gained mutation: A demonic guardian rushes to your aid. [demonic ancestry]
   164 | D        | Reached XP level 7. HP: 49/60 MP: 5/11
   178 | D        | Killed a troll
   178 | D        | Reached ** piety under Makhleb
   178 | D        | Reached skill level 6 in Invocations
   189 | D        | Noticed a deep elf mage
   189 | D        | Noticed a wraith
   189 | D        | Noticed a hungry ghost
   189 | D        | Noticed a troll
   197 | D        | Killed a deep elf mage
   197 | D        | Reached skill level 7 in Invocations
   214 | D        | Killed a wraith
   214 | D        | Reached *** piety under Makhleb
   214 | D        | Gained mutation: Your movements are slightly less encumbered by armour. (ER -2) [demonic ancestry]
   214 | D        | Reached XP level 8. HP: 68/69 MP: 13/13
   218 | D        | Killed a troll
   218 | D        | Reached skill level 8 in Invocations
   334 | D        | Noticed a spiny frog
   334 | D        | Noticed a spiny frog
   334 | D        | Noticed a spiny frog
   340 | D        | Reached **** piety under Makhleb
   348 | D        | Killed a spiny frog
   348 | D        | Reached skill level 9 in Invocations
   357 | D        | Killed a spiny frog
   361 | D        | Killed a spiny frog
   361 | D        | Gained mutation: Your movements are less encumbered by armour. (ER -4) [demonic ancestry]
   361 | D        | Reached XP level 9. HP: 19/78 MP: 14/16
   364 | D        | Reached ***** piety under Makhleb
   364 | D        | Reached skill level 10 in Long Blades
   367 | D        | Reached skill level 10 in Invocations
   387 | D        | HP: 2/78 [basilisk (7)]
   731 | D        | Reached skill level 10 in Fighting
   763 | D        | Reached ****** piety under Makhleb
   786 | D        | Reached skill level 11 in Invocations
   865 | D        | Noticed Erica
   874 | D        | Killed Erica
   874 | D        | Reached skill level 10 in Armour
   874 | D        | Reached skill level 10 in Shields
   969 | D        | Gained mutation: You have hooves in place of feet. [demonic ancestry]
   969 | D        | Reached XP level 10. HP: 26/86 MP: 18/18
  1196 | D        | Noticed an orc sorcerer
  1196 | D        | Noticed an orc knight
  1198 | D        | Noticed an orc knight
  1209 | D        | Killed an orc sorcerer
  1209 | D        | Reached skill level 12 in Invocations
  1226 | D        | Killed an orc knight
  1235 | D        | Killed an orc knight
  1302 | D        | Noticed an orc high priest
  1322 | D        | Killed an orc high priest
  1484 | D        | Found Zuschar's Antique Armour Emporium.
  1484 | D        | Noticed an orc knight
  1484 | D        | Noticed an orc high priest
  1490 | D        | Killed an orc knight
  1490 | D        | Reached skill level 13 in Invocations
  1492 | D        | Noticed an orange demon
  1500 | D        | Noticed a rust devil
  1513 | D        | Noticed an orange demon
  1525 | D        | Killed an orc high priest
  1533 | D        | Found Idedat's Assorted Antiques.
  1537 | D        | Found Naadiem's Antique Weapon Emporium.
  1537 | D        | Noticed an orc sorcerer
  1544 | D        | Noticed an orc knight
  1556 | D        | Paralysed by an orc sorcerer for 2 turns
  1561 | D        | Noticed an orc high priest
  1561 | D        | Killed an orc sorcerer
  1572 | D        | Killed an orc knight
  1577 | D        | Found Lad Miyf's Assorted Antiques.
  1586 | D        | Killed an orc high priest
  1586 | D        | Gained mutation: Your movements are significantly less encumbered by armour. (ER -6) [demonic ancestry]
  1586 | D        | Reached XP level 11. HP: 68/96 MP: 21/21
  1619 | D        | Bought a fuming silvery potion for 20 gold pieces
  1619 | D        | Bought a scroll labeled PUQAAJ AKHUIMU for 23 gold pieces
  1619 | D        | Bought a twisted silver wand for 92 gold pieces
  1619 | D        | Noticed an orc high priest
  1629 | D        | Killed an orc high priest
  1640 | D        | Bought a scroll labeled PUQAAJ AKHUIMU for 25 gold pieces
  1640 | D        | Bought a fuming silvery potion for 22 gold pieces
  1640 | D        | Bought a cyan potion for 22 gold pieces
  1640 | D        | Bought a potion of heal wounds for 125 gold pieces
  1794 | D        | Noticed Sonja
  1804 | D        | Killed Sonja
  1804 | D        | Reached skill level 14 in Invocations
  1812 | D        | Noticed Josephine
  1833 | D        | Killed Josephine
  2192 | D        | Noticed a centaur warrior
  2192 | D        | Noticed a hill giant
  2192 | D        | Noticed a tengu warrior
  2193 | D        | Noticed an orc knight
  2195 | D        | Killed a centaur warrior
  2200 | D        | Killed a hill giant
  2210 | D        | Noticed a five-headed hydra
  2230 | D        | Killed a tengu warrior
  2252 | D        | Killed an orc knight
  2263 | D        | Killed a four-headed hydra
  2263 | D        | Reached skill level 15 in Invocations
  2268 | D        | Noticed a green ugly thing
  2269 | D        | Noticed a great orb of eyes
  2270 | D        | Noticed a tengu reaver
  2271 | D        | Noticed a centaur warrior
  2272 | D        | Noticed an ettin
  2275 | D        | Killed a green ugly thing
  2277 | D        | Noticed a cyan very ugly thing
  2285 | D        | Killed a great orb of eyes
  2293 | D        | Noticed a tengu warrior
  2336 | D        | Mangled by a tengu reaver

Vault maps used:
D:        linesprint

Skill      XL: |  1  2  3  4  5  6  7  8  9 10 11 |
---------------+----------------------------------+-----
Long Blades    | 3 5 6 7 8 9 10 12 13 | 13.0
Armour         | 3 4 5 6 7 8 10 11 12 | 12.3
Shields        | 3 4 5 6 7 8 10 11 12 | 12.3
Fighting       | 4 5 6 7 8 9 10 12 13 | 13.3
Invocations    | 3 5 7 9 11 13 15 | 15.2

Action                   |  1- 3 |  4- 6 |  7- 9 | 10-12 || total
-------------------------+-------+-------+-------+-------++-------
Melee: Long sword        |    13 |     8 |       |       ||    21
       Kick              |     2 |     7 |    24 |    46 ||    79
       Scimitar          |       |    11 |    59 |   147 ||   217
  Use: Potion            |     1 |       |     1 |     2 ||     4
       Scroll            |       |       |       |     2 ||     2
 Stab: Distracted        |       |       |     1 |       ||     1
  Eat: Chunk             |       |       |     2 |     4 ||     6
Armor: Scale mail        |     2 |       |       |       ||     2
       Ring mail         |       |     8 |     8 |     3 ||    19
       Plate armour      |       |       |       |    11 ||    11
       Chain mail        |       |       |       |    31 ||    31
Dodge: Dodged            |     3 |     3 |    14 |    21 ||    41
Block: Shield            |     5 |     4 |    26 |    81 ||   116
